 Seeded DCSS version 0.29.1-12-g30fa7ad0bf (webtiles) character file.

Game seed: 1 (custom seed)

313372 Kazon the Minotaur Blade (level 20, -6/256 (280) HPs)
             Began as a Minotaur Gladiator on Jan 12, 2023.
             Was the Champion of Qazlal.
             Killed from afar by a halazid warlock (16 damage)
             ... with a bolt of negative energy
             ... in the Desolation of Salt on Jan 16, 2023.
             The game lasted 04:09:42 (30129 turns).

Kazon the Minotaur Blade (Minotaur Gladiator)      Turns: 30129, Time: 04:09:44

HP:   -6/256 (280)  AC: 48    Str: 24    XL:     20   Next: 80%
MP:   28/29         EV:  9    Int:  9    God:    Qazlal [******]
Gold: 3512          SH: 21    Dex: 18    Spells: 19/19 levels left

rFire   + + +      SeeInvis +   f - +14 Maxwell's thermic engine {flame, freeze}
rCold   + + +      Faith    .   c - +0 kite shield {reflect}
rNeg    . . .      Spirit   .   X - +14 crystal plate armour "Poatirut" {rElec Str+3 Slay+3}
rPois   +          Reflect  +   w - +0 mask of the Dragon {Will+ Slay+3 SInv}
rElec   +          Harm     .   S - scarf {rC+ rF+}
rCorr   .          Rampage  .   Z - +2 pair of gloves {Dex+3}
Will    ++...                   m - +2 pair of boots
Stlth   ..........              j - amulet "Odemouw" {Contam rPois rF+++ Regen+ Stlth+}
HPRegen 1.32/turn               U - ring of protection from cold
MPRegen 0.21/turn               e - ring of protection from cold

@: berserking, protected from physical damage, studying 2 skills, drained, repel
missiles, very quick
A: horns 2, retaliatory headbutt
}: 1/15 runes: gossamer
a: Renounce Religion, Upheaval, Elemental Force, Disaster Area


You were in the Desolation of Salt.
You worshipped Qazlal.
Qazlal was exalted by your worship.
You visited 7 branches of the dungeon, and saw 33 of its levels.
You visited the Abyss 3 times.
You also visited: Gauntlet and Desolation.

You collected 6124 gold pieces.
You spent 2612 gold pieces at shops.

Inventory:

Hand Weapons
 f - the +14 Maxwell's thermic engine (weapon) {flame, freeze}
   (You found it on level 1 of the Lair of Beasts)

   It burns those it strikes, dealing additional fire damage.
   Big, fiery blades are also staple armaments of hydra-hunters.
   It freezes those it strikes, dealing additional cold damage.
   It can also slow down cold-blooded creatures.
   It becomes more effective when it hits something.
   This effect fades over time.
Missiles
 i - 4 throwing nets
 o - 9 javelins
 y - 36 boomerangs (quivered)
 A - 7 curare-tipped darts
 P - 4 datura-tipped darts
Armour
 c - a +0 kite shield of reflection (worn)
 m - a +2 pair of boots (worn)
 w - the +0 mask of the Dragon (worn) {Will+ Slay+3 SInv}
   (You bought it in a shop on level 3 of the Elven Halls)

   Slay:      It affects your accuracy & damage with ranged weapons and melee
   (+3).
   SInv:      It lets you see invisible.
   Will:      It increases your willpower.
 S - a scarf of resistance (worn)
 X - the +14 crystal plate armour "Poatirut" (worn) {rElec Str+3 Slay+3}
   (You acquired it on level 1 of the Dungeon)

   Str:       It affects your strength (+3).
   Slay:      It affects your accuracy & damage with ranged weapons and melee
   (+3).
   rElec:     It insulates you from electricity.
 Z - a +2 pair of gloves of dexterity (worn)
Jewellery
 e - a ring of protection from cold (right hand)
 j - the amulet "Odemouw" (around neck) {Contam rPois rF+++ Regen+ Stlth+}
   (You bought it in a shop on level 8 of the Dungeon)

   [amulet of regeneration]

   rF:        It renders you almost immune to fire.
   rPois:     It protects you from poison.
   Contam:    It causes magical contamination when unequipped.
   Regen:     It increases your rate of health regeneration.
   Stlth:     It makes you more stealthy.
 U - a ring of protection from cold (left hand)
Wands
 r - a wand of acid (4)
 z - a wand of mindburst (44)
 B - a wand of flame (36)
 G - a wand of paralysis (17)
 L - a wand of roots (26)
Scrolls
 n - 4 scrolls of immolation
 p - 3 scrolls of poison
 q - 9 scrolls of fog
 t - 7 scrolls of teleportation
 v - 2 scrolls of magic mapping
 I - 5 scrolls of fear
 M - 2 scrolls of summoning
 Q - 2 scrolls of silence
 Y - 2 scrolls of blinking
Potions
 a - 7 potions of ambrosia
 b - 3 potions of berserk rage
 h - 6 potions of haste
 k - 2 potions of resistance
 l - 6 potions of heal wounds
 u - 11 potions of lignification
 D - 5 potions of cancellation
 J - 4 potions of might
 K - 11 potions of curing
 R - 2 potions of invisibility
Miscellaneous
 g - a lightning rod (4/4)
 H - a box of beasts
 N - a tin of tremorstones (2/2)
 O - a condenser vane
 V - a phial of floods
 W - a phantom mirror


   Skills:
 * Level 18.0 Fighting
 + Level 22.1 Long Blades
 + Level 10.7 Ranged Weapons
 + Level 10.9 Throwing
 * Level 16.3 Armour
 * Level 11.3 Dodging
 + Level 3.1 Stealth
 + Level 12.5 Shields
 * Level 14.6 Invocations
 * Level 15.0 Evocations


You had 19 spell levels left.
You didn't know any spells.
Your spell library contained the following spells:

 Spells                   Type           Power      Damage    Failure   Level
 Apportation              Tloc           0%         N/A       100%        1
 Magic Dart               Conj           0%         1d3       100%        1
 Necrotise                Necr           0%         1d4       100%        1
 Sandblast                Erth           0%         2d4       100%        1
 Sting                    Tmut/Pois      0%         1d3       100%        1
 Summon Small Mammal      Summ           0%         N/A       100%        1
 Call Imp                 Summ           0%         N/A       100%        2
 Ensorcelled Hibernation  Hex/Ice        0%         N/A       100%        2
 Passwall                 Tmut/Erth      0%         N/A       100%        2
 Poisonous Vapours        Pois/Air       0%         N/A       100%        2
 Scorch                   Fire           0%         2d5       100%        2
 Call Canine Familiar     Summ           0%         N/A       100%        3
 Dazzling Flash           Conj/Hex       0%         N/A       100%        3
 Mephitic Cloud           Conj/Pois/Air  0%         N/A       100%        3
 Ozocubu's Armour         Ice            0%         N/A       100%        3
 Swiftness                Air            0%         N/A       100%        3
 Vampiric Draining        Necr           0%         2d6       100%        3
 Animate Armour           Summ/Erth      0%         N/A       100%        4
 Animate Dead             Necr           0%         N/A       100%        4
 Flame Wave               Conj/Fire      0%         2d4       100%        4
 Iskenderun's Mystic Bla  Conj/Tloc      0%         2d3       100%        4
 Leda's Liquefaction      Hex/Erth       0%         N/A       100%        4
 Olgreb's Toxic Radiance  Pois           0%         N/A       100%        4
 Summon Ice Beast         Ice/Summ       0%         N/A       100%        4
 Agony                    Necr           0%         N/A       100%        5
 Alistair's Intoxication  Tmut/Pois      0%         N/A       100%        5
 Blade Hands              Tmut           0%         N/A       100%        5
 Borgnjor's Vile Clutch   Necr/Erth      0%         N/A       100%        5
 Fireball                 Conj/Fire      0%         3d3       100%        5
 Irradiate                Conj/Tmut      0%         3d11      100%        5
 Iskenderun's Battlesphe  Conj           0%         2d6       100%        5
 Metabolic Englaciation   Hex/Ice        0%         N/A       100%        5
 Summon Forest            Summ/Tloc      0%         N/A       100%        5
 Summon Mana Viper        Hex/Summ       0%         N/A       100%        5
 Conjure Ball Lightning   Conj/Air       0%         3x3d6     100%        6
 Death Channel            Necr           0%         N/A       100%        6
 Eringya's Noxious Bog    Tmut/Pois      0%         N/A       100%        6
 Iron Shot                Conj/Erth      0%         9d1       100%        6
 Simulacrum               Ice/Necr       0%         N/A       100%        6
 Starburst                Conj/Fire      0%         6d3       100%        6
 Statue Form              Tmut/Erth      0%         N/A       100%        6
 Summon Cactus Giant      Summ           0%         N/A       100%        6
 Haunt                    Necr/Summ      0%         N/A       100%        7
 Malign Gateway           Summ/Tloc      0%         N/A       100%        7
 Monstrous Menagerie      Summ           0%         N/A       100%        7
 Orb of Destruction       Conj           0%         9d5       100%        7
 Ozocubu's Refrigeration  Ice            0%         4d7       100%        7
 Summon Hydra             Summ           0%         N/A       100%        7
 Discord                  Hex            0%         N/A       100%        8
 Disjunction              Tloc           0%         N/A       100%        8
 Lehudib's Crystal Spear  Conj/Erth      0%         10d2      100%        8


Dungeon Overview and Level Annotations

Branches:
Dungeon (15/15)            Temple (1/1) D:7            Lair (5/5) D:10
 Shoals (0/4) Lair:3       Spider (4/4) Lair:3        Slime (0/5) Lair:4
    Orc (2/2) D:12            Elf (3/3) Orc:2        Vaults (3/5) D:13
  Crypt (0/3) Vaults:3     Depths (0/4) D:15        Desolation (1/1)
Gauntlet (visited)

Altars:
Ashenzari
Cheibriados
Dithmenos
Elyvilon
Fedhas
Gozag
Hepliaklqana
Kikubaaqudgha
Makhleb
Okawaru
Qazlal
Uskayaw
Vehumet
Zin
The Shining One
Jiyva

Shops:
D:3 (   D:8 ?(==   D:10 :   D:13 !   Orc:2 ([*=   Elf:2 [?!?   Elf:3 [(
Vaults:1 !   Vaults:2 [

Annotations:
Elf:2 2 transporters, PorkyPig's ghost, adept GrCj
Vaults:2 2 transporters, 2 runed translucent doors, exclusion: obsidian statue, Forgeling's ghost, adept FeEn


Innate Abilities, Weirdness & Mutations

You have a pair of horns on your head.
You reflexively headbutt those who attack you in melee.


Message History

You destroy the saltling!
Qazlal accepts your kill.
The saltling no longer looks unusually strong.
You block the servant of whispers's attack.
The ragged hierophant casts a spell at you.
A blast of power from the earth and the saltlings strikes you!
* * * LOW HITPOINT WARNING * * *
The ragged hierophant casts a spell at you.
A blast of power from the earth and the saltlings strikes you!
* * * LOW HITPOINT WARNING * * *
The saltling hits you but does no damage.
Your Evocations skill increases to level 15!
Unknown command.
You completely miss the imperial myrmidon.
You block the saltling's attack.
You are too berserk!
You closely miss the halazid warlock. You headbutt the halazid warlock!
The halazid warlock is lightly damaged.
The saltling no longer looks unusually strong.
The ragged hierophant casts a spell.
The ragged hierophant begins to accept its allies' injuries.
You block the servant of whispers's attack.
You block the imperial myrmidon's attack.
The saltling closely misses you. You block the saltling's attack.
The ragged hierophant gestures wildly while chanting.
The ragged hierophant begins to accept its allies' injuries.
The saltling hits you but does no damage.
You slice the halazid warlock!! You burn the halazid warlock.
You headbutt the halazid warlock!
The halazid warlock is heavily damaged.
The imperial myrmidon hits you with a +0 scimitar!
* * * LOW HITPOINT WARNING * * *
Unknown command.
You slice the imperial myrmidon like a ripe choko!!!
You burn the imperial myrmidon! You freeze the imperial myrmidon.
The imperial myrmidon is heavily wounded.
You block the saltling's attack. x2
The halazid warlock gestures at you while chanting.
The bolt of negative energy hits you!
You feel drained.
You die...

##..............
.#...............
.................
.....∩.∩.........
.................
.........9.......
........a99a.....
........99999....
........#@#......
.......9a#L99....
......... 9L.....
........ p9a....
....... ..9a...
....... .......
.#..... .......
...... .......


You could see 2 ragged hierophants, 2 servants of whispers, an imperial myrmidon
(sheltered), 2 halazid warlocks, an ironbound convoker (summoned, sheltered), a
peacekeeper (strong, sheltered), a molten gargoyle (summoned, sheltered) and 12
saltlings.

Vanquished Creatures
  Mara (Spider:4)
  Nikola (Elf:2)
  A bone dragon (Abyss:2)
  Asterion (Elf:3)
  Rupert (D:12)
  2 deep elf blademasters (Elf:3)
  2 deep elf master archers (Elf:3)
  A sphinx (Vaults:2)
  4 tentacled starspawn
  An ancient champion (Vaults:3)
  Donald (Orc:2)
  Roxanne (D:15)
  Agnes (Elf:1)
  The ghost of purpskrrrp the Slayer, a journeyman OgMo of Hepliaklqana (D:14)
  6 emperor scorpions
  6 vault wardens
  4 ghost moths
  3 deep elf sorcerers (Elf:3)
  Louise (Elf:3)
  An imperial myrmidon (Desolation)
  The ghost of cheesebisquit the Severer, a journeyman MiBe of Trog (Orc:2)
  An orc warlord (Orc:2)
  2 angels (Vaults:3)
  A curse skull (Vaults:3)
  A deep elf elementalist (Elf:3)
  A war gargoyle (Vaults:2)
  8 very ugly things
  3 broodmothers
  9 ironbound preservers
  5 deep elf demonologists
  2 ironbound thunderhulks
  Nessos (D:12)
  A green draconian (Abyss:2)
  A vampire knight (Vaults:3)
  5 spark wasps
  Snorg (D:14)
  A minotaur (Gauntlet)
  A spark wasp (shapeshifter) (D:15)
  12 dire elephants
  Azrael (D:13)
  4 deep elf annihilators (Elf:3)
  3 entropy weavers
  A bunyip (Abyss:2)
  2 deep elf death magi (Elf:3)
  3 yaktaur captains (Vaults:1)
  2 ragged hierophants (Desolation)
  2 deep elf high priests (Elf:3)
  3 rakshasas (Abyss:2)
  A peacekeeper (Desolation)
  A fire dragon (D:13)
  6 great orbs of eyes
  5 boulder beetles
  A jiangshi (Vaults:3)
  Fannar (Lair:2)
  4 hydras
  Erolcha (D:10)
  4 catoblepae
  8 vault guards
  A ghost crab (Gauntlet)
  10 centaur warriors
  6 ironbound frosthearts
  A jorogumo (Spider:4)
  A death knight (D:14)
  3 two-headed ogres
  30 dancing weapons
  11 death yaks
  A tengu warrior (D:15)
  3 orc high priests (Orc:2)
  7 death scarabs (Spider:4)
  2 spectral emperor scorpions (Spider:4)
  Urug (Orc:1)
  A vampire mage (Abyss:2)
  18 deep elf knights
  2 wretched stars
  5 skeletal warriors
  13 pharaoh ants
  A fire crab (D:13)
  A sun moth (Spider:1)
  Lodul (D:12)
  8 steelbarb worms
  4 sixfirhies
  7 spectral wolf spiders
  25 deep trolls
  7 orb spiders
  3 wizards
  9 deep elf archers
  A phantasmal warrior (Vaults:2)
  3 spriggan simulacra (D:14)
  2 lindwurms (Vaults:1)
  A swamp dragon (shapeshifter) (Elf:1)
  9 ironbound convokers
  6 orc knights
  A harpy (Abyss:2)
  6 orc sorcerers
  A broodmother zombie (Spider:4)
  8 wolf spider zombies
  23 deep elf zephyrmancers
  22 wolf spiders
  A mana viper (Vaults:1)
  5 cyclopes
  29 deep elf pyromancers
  32 ugly things
  2 worldbinders (Abyss:2)
  6 manticores
  5 elephants (Lair:4)
  An elephant (shapeshifter) (Vaults:2)
  3 moths of wrath
  13 vault sentinels
  5 black mambas
  An apocalypse crab (Abyss:2)
  9 smoke demons
  11 cane toads
  8 torpor snails
  Maggie (D:6)
  4 rime drakes
  3 unseen horrors
  13 yaktaurs
  4 kobold demonologists (D:11)
  15 komodo dragons
  3 spectral redbacks (Spider:4)
  14 demonic crawlers
  3 freezing wraiths
  A tengu conjurer (D:12)
  3 efreet
  3 redback zombies (Spider:4)
  5 ancient zymes (Abyss:2)
  5 trolls
  9 meliai (Spider:4)
  A hellwing (Abyss:3)
  Prince Ribbit (D:9)
  A queen bee (Spider:4)
  25 tarantellas
  A spectral culicivora (Spider:4)
  2 spectral jumping spiders (Spider:4)
  A polar bear (Lair:4)
  2 jumping spider zombies (Spider:4)
  2 tarantella zombies (Spider:4)
  2 wolf spider simulacra (Spider:1)
  31 slime creatures
  8 raiju
  A hornet (Vaults:1)
  6 saltlings (Desolation)
  17 blink frogs
  5 dream sheep (Lair:4)
  2 wind drakes (Abyss:2)
  A snapping turtle (Lair:3)
  32 jumping spiders
  2 shadows
  10 starcursed masses
  2 vampires
  2 air elementals (Elf:3)
  6 ynoxinuls (Abyss:2)
  63 yaks
  32 culicivoras
  2 wraiths (D:12)
  5 water elementals
  A fire bat (Abyss:2)
  3 fire elementals
  A golden eye (shapeshifter) (D:13)
  7 wyverns
  A wyvern (shapeshifter) (Elf:1)
  6 basilisks
  2 chaos spawn (Abyss:2)
  Eustachio (D:5)
  A golden eye (Abyss:3)
  49 redbacks
  6 vampire mosquitoes
  2 steam dragons
  A neqoxec (Abyss:3)
  3 minotaur simulacra (D:14)
  Menkaure (D:5)
  Edmund (D:6)
  2 wargs (Orc:1)
  2 spatial vortices (Abyss:2)
  2 acid dragons
  16 water moccasins
  2 hell hounds (D:13)
  6 large abominations (Abyss:2)
  32 orc warriors
  An ice beast (D:8)
  5 sky beasts
  2 black bears (D:6)
  3 boggarts (Vaults:2)
  5 centaurs
  11 ogres
  A wolf (D:10)
  2 phantoms (D:6)
  3 kobold brigands
  3 earth elementals
  3 necrophages
  6 bullfrogs
  2 deep troll simulacra (D:14)
  A gnoll sergeant (D:7)
  10 scorpions
  6 small abominations
  25 wights
  19 killer bees
  3 electric eels
  A howler monkey (D:5)
  2 jellies (D:6)
  A quasit (Abyss:2)
  6 hounds
  27 orc priests
  2 gnoll boudas
  6 iguanas
  2 iron imps (Abyss:2)
  30 orc wizards
  4 hell rats (Lair:3)
  Robin (D:3)
  18 gnolls
  13 adders
  3 shadow imps
  3 white imps
  3 ufetubi
  4 worms
  85 orcs
  11 endoplasms
  3 giant cockroaches
  16 goblins
  9 hobgoblins
  A jackal (D:4)
  27 kobolds
  A quokka (D:1)
  5 ball pythons
  6 bats
  3 frilled lizards
  6 rats
  A butterfly (Abyss:2)
  A starspawn tentacle (Abyss:3)
1457 creatures vanquished.

Vanquished Creatures (collateral kills)
  A dancing weapon (Elf:2)
  A death scarab (Spider:4)
  An orc knight (Orc:2)
  2 deep elf zephyrmancers (Elf:2)
  4 saltlings (Desolation)
  A culicivora zombie (Spider:4)
  A redback (Spider:4)
  2 orc warriors (Orc:2)
  3 orc priests (Orc:2)
  An orc wizard (Orc:2)
  10 orcs (Orc:2)
27 creatures vanquished.

Vanquished Creatures (others)
  A harpy (D:14)
  An ugly thing (D:13)
  A deep elf zephyrmancer (Elf:2)
  An orc knight (Orc:2)
  2 deep elf pyromancers
  A raiju (shapeshifter) (D:14)
  2 centaur simulacra (D:14)
  An air elemental (Elf:2)
  A water moccasin (shapeshifter) (D:14)
  2 orc warriors (Orc:2)
  An orc priest (Orc:2)
  An ufetubus (Abyss:2)
  A bat (Abyss:2)
  A quokka (D:7)
  2 butterflies (Abyss:2)
  18 fungi
  33 plants
  11 starspawn tentacles
81 creatures vanquished.

Grand Total: 1565 creatures vanquished

Notes
Turn   | Place    | Note
-------+----------+-------------------------------------------
     0 | D:1      | Kazon the Minotaur Gladiator began the quest for the Orb.
     0 | D:1      | Reached XP level 1. HP: 18/18 MP: 0/0
    33 | D:1      | Identified a scroll of acquirement
    33 | D:1      | Acquired the +14 crystal plate armour "Poatirut" {rElec
                  | Str+3 Slay+3}
   183 | D:1      | Reached XP level 2. HP: 25/25 MP: 1/1
   304 | D:1      | Reached skill level 4 in Long Blades
   785 | D:2      | Reached XP level 3. HP: 30/30 MP: 2/2
  1131 | D:2      | Reached XP level 4. HP: 38/38 MP: 3/3
  1147 | D:2      | Reached skill level 5 in Long Blades
  1339 | D:3      | Found Umat's Antique Weapon Boutique.
  1366 | D:3      | Bought a crude falchion for 184 gold pieces
  1366 | D:3      | Identified the +3 falchion of Winter {venom, rCorr} (You
                  | bought it in a shop on level 3 of the Dungeon)
  1489 | D:3      | Reached skill level 1 in Armour
  1501 | D:3      | Noticed Robin
  1513 | D:3      | Killed Robin
  1605 | D:3      | Reached XP level 5. HP: 42/42 MP: 4/4
  1877 | D:3      | Reached skill level 7 in Long Blades
  1877 | D:3      | Reached skill level 5 in Ranged Weapons
  1877 | D:3      | Reached skill level 5 in Throwing
  1877 | D:3      | Reached XP level 6. HP: 60/60 MP: 5/5
  1940 | D:4      | Reached skill level 8 in Long Blades
  2092 | D:4      | Reached XP level 7. HP: 66/66 MP: 6/6
  2417 | D:4      | Found a hazy altar of Hepliaklqana.
  2867 | D:5      | Entered Level 5 of the Dungeon
  2900 | D:5      | Noticed Eustachio
  2911 | D:5      | Killed Eustachio
  2919 | D:5      | Reached skill level 1 in Evocations
  2929 | D:5      | Reached XP level 8. HP: 70/73 MP: 7/7
  3276 | D:5      | Noticed Menkaure
  3280 | D:5      | Killed Menkaure
  3769 | D:6      | Noticed Edmund
  3777 | D:6      | Reached skill level 9 in Long Blades
  3791 | D:6      | Killed Edmund
  3792 | D:6      | Reached XP level 9. HP: 58/79 MP: 8/8
  4094 | D:7      | Found a staircase to the Ecumenical Temple.
  4107 | Temple   | Entered the Ecumenical Temple
  4117 | Temple   | Became a worshipper of Qazlal Stormbringer
  4171 | D:7      | Found a hide-covered altar of Uskayaw.
  4239 | D:6      | Reached skill level 1 in Invocations
  4384 | D:6      | Noticed Maggie
  4396 | D:6      | Killed Maggie
  4424 | D:6      | Reached skill level 10 in Long Blades
  4456 | D:6      | Reached * piety under Qazlal
  4565 | D:7      | Reached XP level 10. HP: 88/88 MP: 10/10
  4780 | D:7      | Found a white marble altar of Elyvilon.
  5084 | D:8      | Found Quzidd's Magic Scroll Emporium.
  5097 | D:8      | Bought a scroll of teleportation for 42 gold pieces
  5562 | D:8      | Found Esumer's Weapon Shop.
  5690 | D:8      | Found Heidghoki's Jewellery Shop.
  5786 | D:8      | Found Zoxtaeshakh's Jewellery Boutique.
  5996 | D:9      | Reached ** piety under Qazlal
  6165 | D:9      | Noticed Prince Ribbit
  6185 | D:9      | Killed Prince Ribbit
  6483 | D:9      | Noticed a two-headed ogre
  6492 | D:9      | Killed a two-headed ogre
  6493 | D:9      | Reached skill level 11 in Long Blades
  6493 | D:9      | Reached skill level 1 in Shields
  6516 | D:10     | Entered Level 10 of the Dungeon
  6580 | D:10     | Found a staircase to the Lair.
  6590 | D:10     | Reached XP level 11. HP: 71/95 MP: 12/12
  6635 | D:10     | Noticed Erolcha
  6641 | D:10     | Killed Erolcha
  6661 | D:10     | Identified the +5 long sword of the Land of Plenty {drain,
                  | Dex+3}
  6671 | D:10     | Found Juagoaq's Book Shoppe.
  6707 | D:10     | Reached *** piety under Qazlal
  6977 | D:10     | Reached skill level 1 in Stealth
  7696 | D:11     | Noticed a green ugly thing
  7703 | D:11     | Killed a green ugly thing
  7719 | D:11     | Reached skill level 5 in Invocations
  7784 | D:11     | Noticed a sun demon
  7795 | D:11     | Reached skill level 12 in Long Blades
  7879 | D:11     | Reached **** piety under Qazlal
  8500 | Lair:1   | Entered Level 1 of the Lair of Beasts
  8507 | Lair:1   | Reached skill level 5 in Evocations
  8538 | Lair:1   | Reached XP level 12. HP: 105/105 MP: 15/15
  8647 | Lair:1   | Found the +2 Maxwell's thermic engine {flame, freeze}
  9233 | Lair:2   | Reached skill level 13 in Long Blades
  9367 | Lair:2   | Noticed Fannar
  9384 | Lair:2   | Killed Fannar
  9840 | Lair:2   | Noticed a catoblepas
  9852 | Lair:2   | Killed a catoblepas
  9860 | Lair:3   | Noticed a death yak
  9860 | Lair:3   | Noticed a death yak
  9889 | Lair:3   | Noticed a death yak
  9889 | Lair:3   | Noticed a death yak
  9896 | Lair:2   | Killed a death yak
  9897 | Lair:2   | Reached skill level 10 in Fighting
  9901 | Lair:2   | Killed a death yak
  9986 | D:8      | Bought the amulet "Odemouw" {Contam rPois rF+++ Regen+
                  | Stlth+} for 734 gold pieces
 10093 | Lair:3   | Reached ***** piety under Qazlal
 10110 | Lair:3   | You fall into a shaft and drop 2 floors!
 10110 | Lair:5   | Entered Level 5 of the Lair of Beasts
 10175 | Lair:5   | Reached skill level 10 in Armour
 10184 | Lair:5   | Reached XP level 13. HP: 101/113 MP: 17/17
 10310 | Lair:4   | Reached skill level 14 in Long Blades
 10410 | Lair:3   | Found a hole to the Spider Nest.
 10729 | Lair:3   | Found an ancient bone altar of Kikubaaqudgha.
 10856 | Lair:3   | Found a staircase to the Shoals.
 11030 | Lair:4   | Identified the +3 battleaxe "Adididghufym" {antimagic, rF+
                  | Will+}
 11361 | Lair:4   | Found a staircase to the Slime Pits.
 11362 | Lair:4   | Found a viscous altar of Jiyva.
 11974 | Lair:5   | Reached ****** piety under Qazlal
 12317 | Lair:5   | Reached skill level 15 in Long Blades
 12406 | Lair:5   | Reached XP level 14. HP: 98/124 MP: 19/19
 12722 | Spider:1 | Entered Level 1 of the Spider Nest
 13021 | Spider:1 | Acquired the +6 triple sword of the Squeaky God {flame, Fly
                  | Dex+4}
 13184 | Spider:1 | Noticed a ghost moth
 13190 | Spider:1 | Killed a ghost moth
 13450 | Spider:1 | Reached skill level 16 in Long Blades
 13637 | Spider:1 | Noticed an emperor scorpion
 13664 | Spider:1 | Killed an emperor scorpion
 13843 | Spider:1 | Reached skill level 10 in Ranged Weapons
 13868 | Spider:1 | Reached skill level 5 in Shields
 14009 | Spider:1 | Noticed a broodmother
 14016 | Spider:1 | Killed a broodmother
 14256 | Spider:2 | Noticed an emperor scorpion
 14265 | Spider:2 | Killed an emperor scorpion
 14284 | Spider:2 | Reached XP level 15. HP: 93/133 MP: 21/21
 15139 | Spider:3 | Reached skill level 17 in Long Blades
 15593 | Spider:3 | Reached skill level 10 in Invocations
 15617 | Spider:3 | Noticed an emperor scorpion
 15631 | Spider:3 | Killed an emperor scorpion
 16079 | D:12     | Noticed Rupert
 16088 | D:12     | Killed Rupert
 16181 | D:12     | Noticed Lodul
 16191 | D:12     | Killed Lodul
 16222 | D:12     | Noticed Nessos
 16228 | D:12     | Killed Nessos
 16270 | D:12     | Found a staircase to the Orcish Mines.
 16695 | D:13     | Noticed Azrael
 16700 | D:13     | Killed Azrael
 16825 | D:13     | Found Ituota Roil's Distillery.
 16828 | D:13     | Bought a potion of curing for 57 gold pieces
 17017 | D:13     | Found a gate to the Vaults.
 17254 | D:13     | Reached skill level 18 in Long Blades
 17257 | D:13     | Reached XP level 16. HP: 138/143 MP: 22/22
 17469 | D:14     | Found a runed translucent gate.
 17469 | D:14     | Noticed purpskrrrp's ghost (journeyman OgMo)
 17494 | D:14     | Found a runed translucent gate.
 17574 | D:14     | Found a frozen archway.
 17705 | D:14     | Noticed Snorg
 17717 | D:14     | Killed Snorg
 17776 | Abyss:2  | Cast into level 2 of the Abyss (a wizard)
 17840 | Abyss:2  | Reached skill level 10 in Evocations
 17981 | Abyss:2  | Noticed a tentacled starspawn
 17987 | Abyss:2  | Killed a tentacled starspawn
 18080 | D:14     | Escaped the Abyss
 18135 | D:14     | Identified the +6 scale mail "Voetobuo" {Int-3 Dex+8}
 18184 | D:14     | Found a runed translucent gate.
 18563 | Spider:4 | Entered Level 4 of the Spider Nest
 18675 | Spider:4 | Reached skill level 19 in Long Blades
 18936 | Spider:4 | Paralysed by a meliai for 5 turns
 19164 | Spider:4 | Noticed Mara
 19174 | Spider:4 | Noticed Kazon's illusion
 19196 | Spider:4 | Noticed Kazon's illusion
 19233 | Spider:4 | Noticed Kazon's illusion
 19233 | Spider:4 | Killed Mara
 19234 | Spider:4 | Reached XP level 17. HP: 82/152 MP: 24/24
 20006 | Spider:4 | Reached skill level 20 in Long Blades
 20044 | Spider:4 | Got a gossamer rune of Zot
 20330 | D:15     | Entered Level 15 of the Dungeon
 20364 | D:15     | Found a staircase to the Depths.
 20520 | D:15     | Identified Roxanne's Parchment of Spelunking
 20520 | D:15     | Noticed Roxanne
 20533 | D:15     | Killed Roxanne
 21304 | D:14     | Killed purpskrrrp's ghost
 21323 | D:14     | Identified the +1 hat of Untruth {rC++ rCorr Str-2 Stlth+}
 21419 | Orc:1    | Entered Level 1 of the Orcish Mines
 21431 | Orc:1    | Noticed Urug
 21450 | Orc:1    | Killed Urug
 21952 | Orc:2    | Entered Level 2 of the Orcish Mines
 22004 | Orc:2    | Found a staircase to the Elven Halls.
 22065 | Orc:2    | Noticed Donald
 22075 | Orc:2    | Killed Donald
 22148 | Orc:2    | Noticed cheesebisquit's ghost (journeyman MiBe)
 22228 | Orc:2    | Found a runed translucent door.
 22278 | Orc:2    | Reached XP level 18. HP: 89/161 MP: 26/26
 22306 | Orc:2    | Found a gate leading to a gauntlet.
 22314 | Gauntlet | Entered a Gauntlet
 22314 | Gauntlet | Found a transporter.
 22317 | Gauntlet | Found a runed translucent door.
 22317 | Gauntlet | Found a transporter.
 22319 | Gauntlet | Found a transporter.
 22322 | Gauntlet | Found a transporter.
 22323 | Gauntlet | Found a transporter.
 22325 | Gauntlet | Found a transporter.
 22327 | Gauntlet | Found a runed translucent door.
 22331 | Gauntlet | Found a transporter.
 22331 | Gauntlet | Found the +12 glaive of Prune {vorpal}
 22332 | Gauntlet | Found a transporter.
 22338 | Gauntlet | Found a runed translucent door.
 22350 | Gauntlet | Found a transporter.
 22355 | Gauntlet | Found a transporter.
 22359 | Gauntlet | Found a transporter.
 22370 | Gauntlet | Found a transporter.
 22396 | Gauntlet | Identified the ring "Rutul" {Wiz rF+ Int+5}
 22419 | Gauntlet | Identified the amulet of Otuet {Acrobat Str+6}
 22935 | Orc:2    | Found Pisuawn's Antique Armour Emporium.
 22936 | Orc:2    | Found Luduu's Antique Weapon Emporium.
 22937 | Orc:2    | Found Leshref's General Store.
 22937 | Orc:2    | Found Geemeife's Jewellery Shoppe.
 22941 | Orc:2    | Bought a potion of heal wounds for 60 gold pieces
 22941 | Orc:2    | Bought a scroll of fear for 48 gold pieces
 22941 | Orc:2    | Bought a potion of curing for 36 gold pieces
 23071 | Orc:2    | Killed cheesebisquit's ghost
 23174 | Elf:1    | Entered Level 1 of the Elven Halls
 23279 | Elf:1    | Noticed Agnes
 23283 | Elf:1    | Killed Agnes
 23308 | Elf:1    | Noticed a Brimstone Fiend
 23336 | Elf:1    | Reached skill level 15 in Fighting
 23609 | Elf:1    | Reached skill level 21 in Long Blades
 23690 | Elf:1    | Got the Octavo of the Retinue
 23856 | Elf:2    | Found Hiosedoa's Distillery.
 23856 | Elf:2    | Found Zoshugie's Magic Scroll Shoppe.
 23864 | Elf:2    | Found Uddis's Antique Armour Shoppe.
 23866 | Elf:2    | Found Wuev's Magic Scroll Emporium.
 24075 | Elf:2    | Noticed PorkyPig's ghost (adept GrCj)
 24082 | Elf:2    | Found a transporter.
 24171 | Elf:2    | Found a transporter.
 24327 | Elf:1    | Found an ancient bone altar of Kikubaaqudgha.
 24405 | Elf:2    | Found a huge runed translucent gate.
 24408 | Elf:2    | Found a huge runed translucent gate.
 24408 | Elf:2    | Found a huge runed translucent gate.
 24409 | Elf:2    | Found a huge runed translucent gate.
 24409 | Elf:2    | Found a huge runed translucent gate.
 24587 | Elf:2    | Noticed Nikola
 24601 | Elf:2    | Killed Nikola
 24836 | Elf:2    | Reached skill level 10 in Throwing
 25125 | Elf:3    | Entered Level 3 of the Elven Halls
 25305 | Elf:3    | Paralysed by an air elemental for 1 turns
 25390 | Elf:3    | Noticed Asterion
 25403 | Elf:3    | Killed Asterion
 25539 | Elf:3    | Noticed Louise
 25545 | Elf:3    | Killed Louise
 25626 | Elf:3    | Reached XP level 19. HP: 171/172 MP: 28/28
 25689 | Elf:3    | Paralysed by an air elemental for 1 turns
 25690 | Elf:3    | Reached skill level 10 in Shields
 25723 | Elf:3    | Found Ecsiwk's Weapon Shop.
 25776 | Elf:3    | Found Cel Ymun's Antique Armour Boutique.
 25785 | Elf:3    | Bought the +0 mask of the Dragon {Will+ Slay+3 SInv} for
                  | 1235 gold pieces
 25785 | Elf:3    | Found the +0 mask of the Dragon {Will+ Slay+3 SInv}
 25907 | Abyss:2  | Cast into level 2 of the Abyss (a deep elf sorcerer)
 26091 | Abyss:2  | Noticed a bone dragon
 26132 | Abyss:2  | Killed a bone dragon
 26133 | Abyss:2  | Reached skill level 15 in Armour
 26184 | Elf:3    | Escaped the Abyss
 26498 | Elf:3    | Identified the +3 robe of the Original Sin {Will+}
 26542 | Elf:3    | Identified the +8 flail of Qocw {holy, *Slow rElec Str+6
                  | Int+2}
 26682 | Elf:3    | Identified the +0 pair of gloves of Distant Shores {Harm
                  | rN++}
 26777 | Elf:3    | Got the Verses on Quantum Conjuring
 26803 | Elf:3    | Identified the +3 quarterstaff of the Vase {venom, rC+}
 27156 | Vaults:1 | Entered Level 1 of the Vaults
 27422 | Vaults:1 | HP: 7/174 [ironbound frostheart/creeping frost (15)]
 28135 | Vaults:1 | Got Qickeq's Spellbook of Rank Transformation
 28156 | Vaults:1 | Found Quvviufo's Distillery.
 28165 | Vaults:1 | Bought a potion of heal wounds for 60 gold pieces
 28165 | Vaults:1 | Bought a potion of heal wounds for 60 gold pieces
 28165 | Vaults:1 | Bought a potion of mutation for 96 gold pieces
 28436 | Vaults:2 | Reached XP level 20. HP: 184/184 MP: 29/29
 28490 | Vaults:2 | Found Afiul's Antique Armour Boutique.
 28692 | Vaults:2 | Reached skill level 10 in Dodging
 28797 | Vaults:2 | Found a transporter.
 28797 | Vaults:2 | Found the +3 pair of seven-league boots {Rampage+∞}
 28807 | Vaults:2 | Found a transporter.
 28914 | Vaults:2 | Identified the +6 battleaxe of the Neverending Dances
                  | {vorpal, rN++ Str-4}
 29105 | Vaults:2 | Found a large runed translucent door.
 29105 | Vaults:2 | Found a large runed translucent door.
 29105 | Vaults:2 | Noticed Forgeling's ghost (adept FeEn)
 29655 | Abyss:3  | Cast into level 3 of the Abyss (a wizard)
 29715 | Abyss:3  | Paralysed by accursed screaming for 1 turns
 29722 | Abyss:3  | Paralysed by accursed screaming for 1 turns
 29765 | Vaults:3 | Escaped the Abyss
 29990 | Vaults:3 | Reached skill level 22 in Long Blades
 30061 | Vaults:3 | Found a white marble altar of Elyvilon.
 30061 | Vaults:3 | Found a crumbling gateway.
 30061 | Vaults:3 | Found a glowing silver altar of Zin.
 30090 | Vaults:3 | Found a glowing golden altar of the Shining One.
 30097 | Desolati | Entered the Desolation of Salt
 30126 | Desolati | Reached skill level 15 in Evocations
 30128 | Desolati | HP: 9/264 [imperial myrmidon/+0 scimitar (8)]
 30129 | Desolati | Killed from afar by a halazid warlock

Illustrated notes

Levels and vault maps discovered:
D:1:      dpeg_arrival_three_smaller_balls, layout_basic
D:2:      layout_loops_ring
D:3:      layout_basic, serial_shops, nicolae_shop_stone, st_stairs_9,
          minmay_misc_feat_doors, eino_curves_03, uniq_robin
D:4:      minmay_wonky_spiral, layout_basic,
          mainiacjoe_overflow_surrounded_room, minivault_5
D:5:      layout_cave_pods, uniq_menkaure, uniq_eustachio
D:6:      cheibrodos_barr_body, layout_basic, minmay_crystal_room,
          minmay_pentangle, uniq_maggie, uniq_edmund
D:7:      layout_cave_pools, nicolae_uskayaw_murder_on_the_dancefloor,
          elyvilon_altar_4, minmay_temple_entry_purple_smoke
D:8:      layout_basic, serial_shops, shop_statue, kennysheep_little_box, shop,
          nicolae_shop_window_shopping
D:9:      layout_cave_pools, uniq_prince_ribbit1
D:10:     layout_stronghold, erik_lair_island, serial_shops,
          nicolae_shop_statue_plus, uniq_erolcha
D:11:     layout_roguey
D:12:     layout_loops_ring, orc_0_dummy, chequers_serial_rivers_marsh,
          uniq_lodul, uniq_nessos, uniq_rupert
D:13:     layout_gridville, david_vaults_5, serial_shops,
          nicolae_shop_behind_doors, minmay_fractal_squares_gapless_5,
          uniq_azrael
D:14:     layout_roguey, minmay_misc_feat_secret_circle, gammafunk_ghost_split,
          portal_ice_cave_entry_ice_simulacra, uniq_snorg
D:15:     hangedman_depths_entry_try_elsewhere_first, layout_loops_corners,
          uniq_roxanne
Temple:   nicolae_temple_bog_church
Lair:1:   layout_long_grid, fungi_pond_lemuel, cheibrodos_lair_reptile_den
Lair:2:   layout_gridlike, uniq_fannar
Lair:3:   layout_roguey, minmay_shoals_entry_hut,
          nicolae_spider_entry_non_spiders, basic_altar, serial_bayou_crossing
Lair:4:   layout_gridlike, slime_entry_1, serial_rivers,
          chequers_serial_rivers_room_a, chequers_serial_rivers_micro_c,
          chequers_serial_rivers_room_a, chequers_serial_rivers_micro_e,
          minivault_27, grunt_megastairs_3, infiniplex_staircase_pool_2
Lair:5:   evilmike_catoblepas_cave, layout_long_grid
Spider:1: layout_chambers, nicolae_spider_undead_wolf_pack
Spider:2: layout_cave_pods
Spider:3: layout_spider_delve
Spider:4: floodkiller_spider_rune_tomb, special_room [special_room_bee],
          uniq_mara
Orc:1:    layout_caves, basic_altar, uniq_urug
Orc:2:    st_orc_congregation, layout_caves, gauntlet_entry_generic,
          hellmonk_ghost_happy_afterlife, uniq_donald
Elf:1:    layout_gridlike, minmay_elf_demonology, lemuel_upstairs_altar,
          uniq_agnes
Elf:2:    elven_hall_of_blades_hangedman_alternative
          [nicolae_blade_entry_diamond_columns], layout_geoelf_diagonals,
          gammafunk_ghost_arena, minmay_shoptagon, uniq_nikola
Elf:3:    elf_hall_gauntlet_narrow, layout_gridlike, serial_shops,
          nicolae_shop_overgrown_old_shop, nicolae_shop_advertising_works
          [nicolae_subvault_shop_adworks], uniq_louise, uniq_asterion
Vaults:1: nicolae_vaults_little_squares_1, v_misc_5, hangedman_vaults_stitches,
          hangedman_vaults_cutoff, grunt_vaults_trifunnel, v_misc_19,
          nicolae_vaults_three_branches, vaults_room_pool,
          vaults_room_door_hall, nicolae_vaults_little_ls,
          nicolae_vaults_rhombus_7, layout_vaults_omnicross, serial_shops, shop
Vaults:2: advil_vaults_ghost_guards, gammafunk_sealed_arena,
          hangedman_vaults_snaps, vaults_room_semicircle,
          hangedman_vaults_slither, v_alt_pattern_4, v_alt_pattern_3,
          hangedman_vaults_cutoff, vaults_mumra_lcd, nicolae_vaults_rhombus_6,
          ontoclasm_vaults_spin, grunt_vaults_focal, layout_vaults_ring,
          serial_shops, shop_statue
Vaults:3: portal_desolation_entry_holy_temple, vaults_room_grunt_arrival_ludios,
          minmay_crypt_entry_simple_walls, nicolae_vaults_little_squares_2,
          vaults_room_ringed_pool, hangedman_vaults_pinch, vaults_dpeg_ring,
          nicolae_vaults_circle_grid_b, nicolae_vaults_sealed_display,
          v_pattern_5, layout_vaults_big_room, serial_shops,
          nicolae_square_shop, nicolae_shop_statue_plus, shop, shop_coins
Desolation

Skill      XL: |  1  2  3  4  5  6  7  8  9 10 11 12 13 14 15 16 17 18 19 20 |
---------------+-------------------------------------------------------------+-----
Long Blades    | 4 5 7 8 9 10 11 12 13 15 16 18 19 20 21 22 | 22.1
Fighting       | 3 7 8 9 10 11 12 13 14 15 17 18 | 18.0
Dodging        | 4 6 9 11 | 11.3
Armour         | 2 6 7 8 10 11 12 13 14 15 16 | 16.3
Ranged Weapons | 5 6 7 8 9 10 | 10.7
Throwing       | 5 6 7 8 9 10 | 10.9
Evocations     | 1 3 4 5 6 7 8 9 10 11 13 14 15 | 15.0
Invocations    | 2 3 5 6 8 9 10 11 12 13 14 | 14.6
Shields        | 1 2 3 4 5 6 7 8 9 11 12 | 12.5
Stealth        | 1 2 3 |  3.1

Action                   |  1- 3 |  4- 6 |  7- 9 | 10-12 | 13-15 | 16-18 | 19-21 || total
-------------------------+-------+-------+-------+-------+-------+-------+-------++-------
Melee: Long sword        |    52 |    10 |       |    79 |       |       |       ||   141
       Headbutt          |     9 |    10 |    47 |   129 |   166 |   300 |   245 ||   906
       Falchion          |       |    51 |   198 |   313 |    35 |       |       ||   597
       Punch             |       |     1 |     2 |     9 |     7 |       |       ||    19
       Double sword      |       |       |       |    85 |   318 |   345 |   818 ||  1566
       Triple sword      |       |       |       |       |   334 |   828 |       ||  1162
 Fire: Sling             |       |    19 |    10 |       |       |       |       ||    29
       Arbalest          |       |       |    36 |    89 |   105 |    15 |       ||   245
Throw: Stone             |     3 |    17 |     8 |    30 |       |       |       ||    58
       Boomerang         |       |       |       |    39 |    68 |   143 |    86 ||   336
       Dart              |       |       |       |       |    59 |   170 |    18 ||   247
       Javelin           |       |       |       |       |       |     9 |     5 ||    14
Invok: Upheaval          |       |       |       |       |       |     3 |     1 ||     4
       Elemental Force   |       |       |       |       |       |     6 |     2 ||     8
Evoke: Wand              |       |       |     4 |     1 |     3 |    31 |    20 ||    59
       Condenser vane    |       |       |       |       |       |     2 |       ||     2
       Lightning rod     |       |       |       |       |       |     1 |     1 ||     2
       Phantom mirror    |       |       |       |       |       |     1 |     1 ||     2
       Phial of floods   |       |       |       |       |       |     1 |       ||     1
       Box of beasts     |       |       |       |       |       |       |     1 ||     1
       Tin of tremorston |       |       |       |       |       |       |     1 ||     1
  Use: Scroll            |     1 |       |     3 |    12 |     7 |     9 |     3 ||    35
       Potion            |       |     1 |     2 |       |       |     2 |     3 ||     8
 Stab: Paralysed         |       |       |       |     4 |       |     9 |     9 ||    22
       Distracted        |       |       |       |       |       |     1 |       ||     1
       Held in net/web   |       |       |       |       |       |     1 |       ||     1
Armor: Crystal plate arm |    30 |    50 |   169 |   332 |   631 |   797 |   378 ||  2387
Dodge: Dodged            |    20 |    12 |    71 |   159 |   236 |   334 |   161 ||   993
       Repelled          |       |       |       |     1 |     2 |     9 |     3 ||    15
Block: Other             |       |       |       |    77 |   280 |   279 |       ||   636
       Kite shield       |       |       |       |       |       |   277 |   686 ||   963
       Reflection        |       |       |       |       |       |    24 |    37 ||    61
